[Event "Team 45 45 League T27"]
[Site "Internet Chess Club"]
[Date "2005.06.28"]
[Round "2"]
[White "MrAnderssen"]
[Black "orkid"]
[Result "0-1"]
[WhiteElo "1645"]
[BlackElo "1846"]
[TimeControl "2700+45"]

1. e4 c5 2. Nf3 Nc6 3. d4 cxd4 4. Nxd4 g6 5. Nc3 Bg7 6. Be3 Nf6 7. f3 O-O 8. Bc4
Na5 9. Be2 b6 10. Qd2 Re8 11. O-O-O d6 12. h4 Bb7 13. h5 Nxh5 14. g4 Nf6 15. Bh6
Bh8 16. g5 Nd7 17. f4 e5 18. Ndb5 exf4 19. Nxd6 Re7 20. Qxf4 Qc7 21. Nf5 Qxf4+
{White resigns} 0-1

[Event "Team 45 45 League T27"]
[Site "Internet Chess Club"]
[Date "2005.06.27"]
[Round "2"]
[White "jacknor"]
[Black "rayngrant"]
[Result "1-0"]
[WhiteElo "1689"]
[BlackElo "1641"]
[TimeControl "2700+45"]

1. d4 Nf6 2. Nf3 g6 3. Bf4 Bg7 4. Nbd2 d5 5. e3 O-O 6. Be2 c5 7. c3 Nc6 8. h3
Qb6 9. Qb3 Qxb3 10. Nxb3 cxd4 11. exd4 b6 12. Bb5 Bb7 13. O-O Ne4 14. Rfe1 a6
15. Bd3 Nf6 16. Ne5 Nh5 17. Bh2 Rac8 18. Nd7 Rfe8 19. Nxb6 Rcd8 20. Nc5 Bc8 21.
Nxc8 Rxc8 22. Bxa6 Ra8 {Black resigns} 1-0

[Event "Team 45 45 League T27"]
[Site "Internet Chess Club"]
[Date "2005.06.26"]
[Round "2"]
[White "dougmo"]
[Black "MrShaw"]
[Result "0-1"]
[WhiteElo "1541"]
[BlackElo "1607"]
[TimeControl "2700+45"]

1. e4 e6 2. d4 d5 3. e5 c5 4. c3 Nc6 5. Nf3 Qb6 6. Bd3 cxd4 7. cxd4 Bb4+ 8. Nc3
Bd7 9. a3 Bxc3+ 10. bxc3 Nge7 11. O-O Nf5 12. Be3 O-O 13. Ng5 f6 14. Nf3 Nxe3
15. fxe3 fxe5 16. Bxh7+ Kxh7 17. Ng5+ Kh6 18. Qg4 Rf6 19. Rxf6+ gxf6 20. Nf7+
Kh7 21. Qh4+ Kg7 22. Rf1 f5 23. Ng5 Rh8 24. Qg3 Kf6 25. Nh3 Qd8 26. dxe5+ Nxe5
27. Nf4 Qg8 28. Qe1 Bb5 29. Rf2 Qg4 30. h3 Qg3 31. Ne2 Qg5 32. Kh1 Qxe3 {White
resigns} 0-1

[Event "Team 45 45 League T27"]
[Site "Internet Chess Club"]
[Date "2005.06.25"]
[Round "2"]
[White "chessterbaggins"]
[Black "sdcohle"]
[Result "1-0"]
[WhiteElo "1312"]
[BlackElo "1309"]
[TimeControl "2700+45"]

1. d4 Nf6 2. b3 g6 3. Bb2 Bg7 4. d5 O-O 5. Nf3 d6 6. e4 b6 7. Bc4 c6 8. dxc6
Nxc6 9. O-O Bb7 10. Nbd2 Na5 11. Bd3 Qc7 12. Nc4 Nc6 13. a3 b5 14. Ne3 a6 15. e5
dxe5 16. Ng5 Rad8 17. c4 h6 18. Nd5 Nxd5 19. cxd5 Rxd5 20. Nf3 e4 21. Bxg7 Rxd3
22. Qe2 Kxg7 23. Qxe4 Rxb3 24. Qc2 Na5 25. Qxc7 Bxf3 26. Qxa5 Be2 27. Rfe1 Bc4
28. a4 Rd3 29. h3 Re8 30. Qxa6 Rd6 31. Qa7 Kf8 32. axb5 Bxb5 33. Qc5 Bd7 34. Qc3
f6 35. Rad1 Rc6 36. Qg3 Bf5 37. Qf4 Kg7 38. h4 e5 39. Qa4 Rce6 40. Rd7+ R6e7 41.
Rxe7+ Rxe7 42. f3 g5 43. g4 Bg6 44. hxg5 hxg5 45. Qb4 Rd7 46. Kg2 Rd4 47. Qe7+
Kg8 48. Qxf6 Bf7 49. Qxg5+ Kf8 50. Qxe5 Rd2+ 51. Kg3 Rd8 52. Qh8+ Bg8 53. Qh6+
Kf7 54. Qh5+ Kf8 55. Qc5+ Kf7 56. Qc7+ Kg6 57. Qxd8 Bf7 58. Qh8 Kg5 59. Qg7+ Bg6
60. Re5# {Black checkmated} 1-0

[Event "Team 45 45 League T27"]
[Site "Internet Chess Club"]
[Date "2005.06.26"]
[Round "2"]
[White "flodo"]
[Black "vvsi"]
[Result "0-1"]
[WhiteElo "1655"]
[BlackElo "1805"]
[TimeControl "2700+45"]

1. d4 Nf6 2. Bf4 e6 3. e3 c5 4. c3 d5 5. Bxb8 Rxb8 6. Qa4+ Bd7 7. Bb5 Bxb5 8.
Qxb5+ Qd7 9. Qxd7+ Nxd7 10. Nd2 cxd4 11. exd4 Bd6 12. Ngf3 O-O 13. O-O b5 14.
Rac1 Rfc8 15. a3 Nb6 16. Nb1 Rc7 17. Rc2 b4 18. axb4 Bxb4 19. Rfc1 Bd6 20. b3
Rbc8 21. Ne5 a5 22. Nd3 a4 23. bxa4 Nxa4 24. g3 f6 25. f4 Rc4 26. Kf2 Bb8 27.
Nb2 Nxb2 28. Rxb2 Ba7 29. Rd1 e5 30. fxe5 fxe5 31. Ke3 e4 32. Rb5 Rd8 33. Rb7
Bb8 34. Rc1 h5 35. Rf1 Rc7 36. Rxc7 Bxc7 37. Rf5 h4 38. Rg5 hxg3 39. hxg3 Kf7
40. g4 g6 41. Na3 Kf6 42. Nb5 Bb8 43. Re5 Bxe5 44. dxe5+ Kxe5 45. Nd4 Rc8 46.
Nb5 Rc5 47. Na7 Rxc3+ 48. Kd2 Rg3 49. Nc6+ Kf4 50. Ne7 d4 51. Nxg6+ Kxg4 52.
Ne5+ Kf5 53. Nc4 Rg2+ 54. Ke1 Kf4 55. Kf1 Ra2 56. Ke1 e3 57. Kd1 d3 58. Ke1 Ra1#
{White checkmated} 0-1

[Event "Team 45 45 League T27"]
[Site "Internet Chess Club"]
[Date "2005.06.28"]
[Round "2"]
[White "john-beebs"]
[Black "chivo"]
[Result "0-1"]
[WhiteElo "1517"]
[BlackElo "1663"]
[TimeControl "2700+45"]

1. e4 e6 2. d4 d5 3. Nc3 Bb4 4. Bd2 dxe4 5. Nxe4 Bxd2+ 6. Qxd2 Ne7 7. Bd3 O-O 8.
Ng5 h6 9. N5f3 b6 10. Be4 c6 11. Ne2 f5 12. Bd3 Kh8 13. O-O Bb7 14. Nf4 Bc8 15.
Bc4 Nd5 16. Ng6+ Kh7 17. Nxf8+ Qxf8 18. Rfe1 b5 19. Bxd5 cxd5 20. Ne5 Nd7 21.
Nxd7 Bxd7 22. c3 a5 23. b4 a4 24. a3 Rc8 25. Re3 Qf6 26. Rae1 h5 27. f4 g6 28.
Rg3 Be8 29. Qe2 Bf7 30. Qxb5 Qh4 31. Qd7 Rf8 32. Rxe6 Qxf4 33. Qe7 Qc1+ 34. Re1
Qh6 35. Qg5 Qg7 36. Re7 Kg8 37. Rge3 Rc8 38. Kf2 h4 39. Ke2 f4 40. Qxf4 g5 41.
Qf5 Rf8 42. Qd7 Qh7 43. R3e5 Qc2+ 44. Kf1 Be6+ 45. Kg1 Qd1+ {White resigns} 0-1

[Event "Team 45 45 League T27"]
[Site "Internet Chess Club"]
[Date "2005.06.26"]
[Round "2"]
[White "David-Carioca"]
[Black "Gardener"]
[Result "0-1"]
[WhiteElo "1587"]
[BlackElo "1648"]
[TimeControl "2700+45"]

1. d4 d5 2. Nf3 e6 3. Bg5 Be7 4. Qd2 h6 5. Bxe7 Qxe7 6. e3 Nf6 7. Bd3 Nbd7 8.
O-O O-O 9. c4 e5 10. Be2 dxc4 11. Nc3 exd4 12. Qxd4 Nb6 13. Rfd1 Bg4 14. Qf4
Bxf3 15. gxf3 c6 16. Rd4 Rad8 17. Rad1 Rxd4 18. Qxd4 Qd7 19. Bxc4 Qxd4 20. Rxd4
Nxc4 21. Rxc4 Rd8 22. Rb4 Rd7 23. Kg2 a6 24. e4 Nh5 25. Na4 Nf4+ 26. Kg3 Ne6 27.
f4 b5 28. f5 Nd4 29. Nc5 Nc2 30. Nxd7 Nxb4 31. a3 Nd3 32. b4 Ne1 33. Nc5 Nc2 34.
Nxa6 Nxa3 35. Nb8 c5 36. bxc5 b4 37. Nc6 b3 38. Nd4 b2 {White resigns} 0-1

[Event "Team 45 45 League T27"]
[Site "Internet Chess Club"]
[Date "2005.06.27"]
[Round "2"]
[White "SpeedBlade"]
[Black "nanning"]
[Result "0-1"]
[WhiteElo "1436"]
[BlackElo "1546"]
[TimeControl "2700+45"]

1. c4 Nf6 2. g3 c6 3. Bg2 d5 4. d4 a6 5. Nf3 dxc4 6. Ne5 Nbd7 7. Nxc4 Nb6 8. Qc2
Qxd4 9. Nxb6 Qxb6 10. Be3 Qa5+ 11. Bd2 Qc7 12. Bf4 e5 13. Bd2 Bd7 14. Nc3 Bb4
15. a3 Bxc3 16. Bxc3 O-O 17. b4 Rfe8 18. O-O Qc8 19. Qb2 Qc7 20. f4 Qb6+ 21. Kh1
Ng4 22. e4 f6 23. Rae1 Re7 24. fxe5 fxe5 25. Qe2 Rae8 26. h3 Nh6 27. Bd2 Nf7 28.
Bg5 Nxg5 {White resigns} 0-1

[Event "Team 45 45 League T27"]
[Site "Internet Chess Club"]
[Date "2005.06.24"]
[Round "2"]
[White "GhostMate"]
[Black "bmw2002"]
[Result "1-0"]
[WhiteElo "1696"]
[BlackElo "1615"]
[TimeControl "2700+45"]

1. e4 c6 2. d4 d5 3. f3 e6 4. Be3 Nd7 5. Nd2 e5 6. dxe5 Nxe5 7. Bd4 Qd6 8. f4
Ng6 9. e5 Qe6 10. Qf3 Qg4 11. g3 Bf5 12. O-O-O Qxf3 13. Ngxf3 Be7 14. h3 f6 15.
g4 Bd7 16. f5 fxe5 17. Nxe5 Nxe5 18. Bxe5 Nf6 19. Bg2 O-O 20. c4 Rac8 21. Kb1
Rfd8 22. Rhe1 Bb4 23. Bxf6 gxf6 24. cxd5 cxd5 25. Bxd5+ Kf8 26. Re4 Bc6 27. Bxc6
Rxd2 28. Rc1 Ba3 29. bxa3 bxc6 30. Rb4 c5 31. Rb7 c4 32. Rc2 c3 33. Kc1 Rh2 34.
Rxh2 {Black resigns} 1-0

[Event "Team 45 45 League T27"]
[Site "Internet Chess Club"]
[Date "2005.06.28"]
[Round "2"]
[White "GoIrish"]
[Black "PhD"]
[Result "1-0"]
[WhiteElo "1628"]
[BlackElo "1551"]
[TimeControl "2700+45"]

1. Nf3 Nf6 2. g3 d5 3. Bg2 c6 4. O-O Nbd7 5. d3 e5 6. Nbd2 Bd6 7. e4 O-O 8. Nh4
Nc5 9. f4 Qc7 10. fxe5 Bxe5 11. Nhf3 dxe4 12. Nxe5 Qxe5 13. Nc4 Qc7 14. Bf4 Qd7
15. Bd6 Ne6 16. Bxf8 Qd4+ 17. Kh1 Kxf8 {Black resigns} 1-0

[Event "Team 45 45 League T27"]
[Site "Internet Chess Club"]
[Date "2005.06.26"]
[Round "2"]
[White "Frobert"]
[Black "TheBrewer"]
[Result "1-0"]
[WhiteElo "1593"]
[BlackElo "1626"]
[TimeControl "2700+45"]

1. e4 e6 2. d4 d5 3. Nd2 c5 4. Ngf3 Nf6 5. Bb5+ Nfd7 6. exd5 exd5 7. Qe2+ Qe7 8.
Qxe7+ Bxe7 9. dxc5 Bxc5 10. Nb3 Be7 11. Bf4 a6 12. Bxd7+ Nxd7 13. O-O-O Nf6 14.
Rhe1 Bg4 15. Bd6 Ne4 16. Bxe7 Kxe7 17. Rxd5 Kf6 18. Rxe4 Bxf3 19. gxf3 Rhe8 20.
Nd4 Rxe4 21. fxe4 Re8 22. f3 g6 23. c4 Re7 24. Kd2 Rc7 25. b3 h5 26. f4 Re7 27.
e5+ Kg7 28. h4 Rc7 29. e6 Kf6 30. Rd7 Rxd7 31. exd7 Ke7 32. f5 Kxd7 33. fxg6
fxg6 34. Ke3 Kd6 35. b4 Ke5 36. Nf3+ Ke6 37. Ke4 b6 38. a4 Kd6 39. Kd4 Ke6 40.
c5 b5 41. axb5 axb5 42. Ne5 g5 43. hxg5 h4 44. g6 Kf6 45. c6 h3 46. Nf3 {Black
resigns} 1-0

[Event "Team 45 45 League T27"]
[Site "Internet Chess Club"]
[Date "2005.06.26"]
[Round "2"]
[White "AlPearson"]
[Black "mrmarck"]
[Result "0-1"]
[WhiteElo "1417"]
[BlackElo "1480"]
[TimeControl "2700+45"]

1. e4 c5 2. Nf3 e6 3. d4 b6 4. Bc4 Bb7 5. d5 exd5 6. exd5 Nf6 7. Nc3 d6 8. O-O
Be7 9. Re1 O-O 10. h3 Re8 11. Bf4 a6 12. a4 Nbd7 13. Ba2 Qc7 14. Ne4 Nxe4 15.
Rxe4 Bf6 16. Rxe8+ Rxe8 17. Rb1 Ne5 18. c4 a5 19. b3 Bc8 20. Nxe5 Bxe5 21. Bxe5
Rxe5 22. Qd2 Qe7 23. Kf1 Bf5 24. Re1 Rxe1+ 25. Qxe1 Bd3+ 26. Kg1 Qxe1+ {White
resigns} 0-1

[Event "Team 45 45 League T27"]
[Site "Internet Chess Club"]
[Date "2005.06.27"]
[Round "2"]
[White "Fegary"]
[Black "tarheels"]
[Result "0-1"]
[WhiteElo "1622"]
[BlackElo "1741"]
[TimeControl "2700+45"]

1. e4 c5 2. Nc3 Nc6 3. Nge2 g6 4. g3 Bg7 5. Bg2 d6 6. O-O Nf6 7. d4 cxd4 8. Nxd4
O-O 9. Nde2 Be6 10. h3 Qd7 11. Kh2 Rad8 12. b3 d5 13. exd5 Nxd5 14. Bb2 Ndb4 15.
Nf4 Qxd1 16. Raxd1 Bf5 17. a3 Nxc2 18. Bxc6 bxc6 19. g4 Be4 20. Nfe2 Be5+ 21. f4
Bxc3 22. Nxc3 Bd5 23. Rfe1 Nxe1 24. Rxe1 e6 25. Kg3 Bxb3 26. Ne4 f5 27. Nf6+
Rxf6 28. Bxf6 Rd3+ 29. Kh4 Kf7 30. Be5 Bd5 31. Rb1 Rb3 32. Rxb3 Bxb3 33. Kg5 Bd1
34. gxf5 exf5 35. Kh6 Bh5 36. h4 Ke6 37. Kxh7 Kd5 38. Kg7 c5 39. Kf6 Kc4 40. Bb2
Kb3 41. Bc1 c4 42. Ke5 c3 43. Kd4 Kc2 44. Be3 Kb2 45. Kd3 c2 46. Bd4+ Kb1 47.
Be3 c1=Q 48. Bxc1 Kxc1 49. a4 Kb2 50. Kc4 Kc2 51. a5 Kd2 {White resigns} 0-1

[Event "Team 45 45 League T27"]
[Site "Internet Chess Club"]
[Date "2005.06.26"]
[Round "2"]
[White "Mikey29a"]
[Black "gartman"]
[Result "1-0"]
[WhiteElo "1664"]
[BlackElo "1625"]
[TimeControl "2700+45"]

1. e4 d5 2. exd5 Nf6 3. Bb5+ Bd7 4. Bc4 Bg4 5. f3 Bc8 6. Nc3 c6 7. dxc6 Nxc6 8.
Nge2 e5 9. O-O Bc5+ 10. Kh1 O-O 11. d3 Na5 12. Bg5 Nxc4 13. dxc4 Be6 14. b3 Qc7
15. Bxf6 gxf6 16. Qc1 Rad8 17. Qh6 Qe7 18. Ne4 Bf5 19. N2g3 Bg6 20. Nh5 Bxh5 21.
Nxf6+ {Black resigns} 1-0

[Event "Team 45 45 League T27"]
[Site "Internet Chess Club"]
[Date "2005.06.25"]
[Round "2"]
[White "boozehound"]
[Black "chesskix"]
[Result "1-0"]
[WhiteElo "1589"]
[BlackElo "1487"]
[TimeControl "2700+45"]

1. e4 c5 2. Nf3 Nc6 3. d4 cxd4 4. Nxd4 e5 5. Nxc6 bxc6 6. Bc4 Nf6 7. Nc3 Bb7 8.
Bg5 Be7 9. Qd3 O-O 10. O-O-O Nxe4 11. Bxe7 Qxe7 12. Qxe4 d5 13. Nxd5 cxd5 14.
Bxd5 Bxd5 15. Rxd5 Rae8 16. Re1 Qg5+ 17. Kb1 f5 18. Qc4 Kh8 19. Qc5 h6 20. Rdxe5
Rc8 21. Qxa7 Qxg2 22. Re7 f4 23. a3 Qg6 24. Rc1 f3 25. Qe3 Rb8 26. Qe4 Qg2 27.
Qe5 Qg6 28. Re6 Qg5 29. Qxg5 hxg5 30. Re5 g4 31. Rg1 Rf4 32. Rg5 Re8 33. R5xg4
Rxg4 34. Rxg4 Re2 35. a4 Rxf2 36. Rf4 g5 37. Rf5 g4 38. a5 Rxh2 39. a6 f2 40. a7
Rh1+ 41. Ka2 f1=Q 42. Rxf1 Rxf1 43. a8=Q+ Kg7 44. Qb7+ Kg6 45. Qd5 Rf5 46. Qg2
Kg5 47. b4 Rb5 48. Kb3 Rf5 49. c4 Rf3+ 50. Ka4 Rf7 51. b5 Ra7+ 52. Kb4 Ra1 53.
Kc5 Kf4 54. Qd2+ Kf5 {Black resigns} 1-0

[Event "Team 45 45 League T27"]
[Site "Internet Chess Club"]
[Date "2005.06.25"]
[Round "2"]
[White "houseofcook"]
[Black "fuzzface"]
[Result "0-1"]
[WhiteElo "1370"]
[BlackElo "1348"]
[TimeControl "2700+45"]

1. e4 e5 2. Nf3 d6 3. d4 Qe7 4. Bc4 Bg4 5. dxe5 Bxf3 6. Qxf3 dxe5 7. O-O Qf6 8.
Qb3 b6 9. Be3 Nh6 10. Nc3 c6 11. Be2 Nd7 12. a3 Nc5 13. Qa2 Be7 14. b4 Ne6 15.
Qb2 O-O 16. Rad1 Rad8 17. h3 Nf4 18. Bf3 g5 19. Ne2 Nxh3+ 20. gxh3 Qxf3 21. Ng3
Rxd1 22. Qxe5 Rxf1+ 23. Nxf1 Bf6 24. Qc7 Qxe4 25. Qg3 Qxc2 26. Bxg5 Bxg5 27.
Qxg5+ Qg6 28. h4 f6 29. Qxg6+ hxg6 30. Ng3 Nf5 31. Kg2 Nxh4+ 32. Kh3 Nf5 33. Ne4
Kh7 34. f4 Kg7 35. Kg4 Re8 36. Kf3 Nd4+ 37. Ke3 Nc2+ 38. Kd3 Nxa3 39. Nd6 {White
resigns} 0-1

[Event "Team 45 45 League T27"]
[Site "Internet Chess Club"]
[Date "2005.06.26"]
[Round "2"]
[White "Fogbound"]
[Black "Prop"]
[Result "1-0"]
[WhiteElo "1300"]
[BlackElo "1297"]
[TimeControl "2700+45"]

1. d4 d5 2. Nf3 Nf6 3. c3 Bf5 4. e3 e6 5. Bd3 Bxd3 6. Qxd3 Bd6 7. Nbd2 O-O 8.
O-O Na6 9. e4 c5 10. e5 Be7 11. exf6 Bxf6 12. Ne5 Qc7 13. Ndf3 cxd4 14. Bf4 dxc3
15. Qxc3 Rac8 16. Qd4 Nc5 17. Rac1 Qa5 18. b4 Qxa2 19. bxc5 Qa3 20. h4 b5 21. c6
b4 22. Ra1 Qb3 23. Rab1 Bxe5 24. Nxe5 Qc2 25. Rxb4 f6 26. Rb2 fxe5 27. Bxe5 Qxc6
28. Bxg7 Rf7 29. Bh6 Re8 30. Qg4+ Rg7 31. Qxg7# {Black checkmated} 1-0

[Event "Team 45 45 League T27"]
[Site "Internet Chess Club"]
[Date "2005.06.24"]
[Round "2"]
[White "BosqueVerde"]
[Black "Mutaant"]
[Result "1-0"]
[WhiteElo "1168"]
[BlackElo "1252"]
[TimeControl "2700+45"]

1. d4 d5 2. c4 Nf6 3. Nc3 Bf5 4. cxd5 Nxd5 5. Qb3 c6 6. Nxd5 Qxd5 7. Qxb7 Qxd4
8. Qxa8 Qb4+ 9. Bd2 Qxb2 10. Bc1 Qxa1 11. Qxb8+ Kd7 12. Qxa7+ Kd8 13. Qb8+ Kd7
14. Qb2 Qxb2 15. Bxb2 f6 16. e3 e5 17. Bc4 Bb4+ 18. Ke2 Kd6 19. Nf3 Rd8 20. Rd1+
Kc7 21. Rxd8 Kxd8 22. Nh4 Be4 23. f3 Bb1 24. g4 g6 25. a3 Be7 26. Ng2 Kd7 27. a4
Bb4 28. Ne1 Kd6 29. Nd3 Ba5 30. Ba3+ Kd7 31. Nc5+ Kc7 32. Nb3 Bc3 33. a5 Ba2 34.
a6 Kb6 35. Bc5+ Kc7 36. a7 Kb7 37. Kd3 Ba5 38. Nxa5+ {Black resigns} 1-0

[Event "Team 45 45 League T27"]
[Site "Internet Chess Club"]
[Date "2005.06.24"]
[Round "2"]
[White "ffplayer"]
[Black "jerry813"]
[Result "1-0"]
[WhiteElo "1189"]
[BlackElo "1126"]
[TimeControl "2700+45"]

1. d4 d6 2. Nf3 Nc6 3. c4 h6 4. Nc3 Nf6 5. Bf4 Bg4 6. e3 g5 7. Bg3 Bxf3 8. Qxf3
g4 9. Qd1 h5 10. f3 Bh6 11. d5 Na5 12. b4 c6 13. fxg4 Nxg4 14. bxa5 Qxa5 15. Qb3
c5 16. e4 Bg7 17. Rc1 Bh6 18. Be2 Bxc1 19. Bxg4 hxg4 20. O-O Bd2 21. Be1 Bxe1
22. Rxe1 f6 23. g3 b6 24. Rf1 Qb4 25. Rf4 Rg8 26. Nb5 O-O-O 27. Nxa7+ Kb7 28.
Nc6 Qe1+ 29. Rf1 Qxe4 30. Rf4 Qe1+ 31. Rf1 Qe2 32. Nxd8+ Rxd8 33. Qb5 Qxa2 34.
Qc6+ Ka7 35. Qc7+ Ka6 36. Qxd8 Qxc4 37. Qa8+ Kb5 38. Qc6+ Kb4 39. Rb1+ Ka3 40.
Qa8+ Qa4 41. Ra1+ {Black resigns} 1-0

[Event "Team 45 45 League T27"]
[Site "Internet Chess Club"]
[Date "2005.06.26"]
[Round "2"]
[White "Mississippian"]
[Black "wojozim"]
[Result "0-1"]
[WhiteElo "1438"]
[BlackElo "1472"]
[TimeControl "2700+45"]

1. e4 c5 2. Nf3 Nc6 3. c3 d5 4. e5 f6 5. d4 cxd4 6. Bb5 a6 7. Bxc6+ bxc6 8. Nxd4
c5 9. Nf3 Bg4 10. h3 Bh5 11. g4 Bg6 12. Qa4+ Qd7 13. Qxd7+ Kxd7 14. Bf4 e6 15.
Nbd2 Rb8 16. b3 Rb7 17. c4 Ne7 18. Nh4 Bd3 19. g5 fxg5 20. Bxg5 h6 21. Be3 g5
22. Nhf3 d4 23. Nxd4 cxd4 24. Bxd4 Nc6 25. Bc3 Bg7 26. Nf3 Rf8 27. Nh2 Nxe5 28.
Bxe5 Bxe5 29. Rd1 Bc3+ 30. Rd2 Kc6 31. Ng4 Bxd2+ 32. Kxd2 Bf5 33. Nxh6 Rd7+ 34.
Kc3 Rd3+ 35. Kb4 Rb8+ 36. Ka3 Rxh3 37. Rxh3 Bxh3 38. Nf7 Rf8 39. Nxg5 Bf5 40.
Nf3 Rd8 41. Ka4 Kc5 42. Ka5 Be4 43. Ne5 Kd4 44. Nf7 Rf8 45. Nd6 Rxf2 46. Kxa6
Rxa2+ 47. Kb6 Rb2 48. Nb5+ Kd3 49. c5 Rxb3 50. c6 Bxc6 51. Kxc6 Rxb5 52. Kxb5 e5
{White resigns} 0-1

[Event "Team 45 45 League T27"]
[Site "Internet Chess Club"]
[Date "2005.06.24"]
[Round "2"]
[White "Liger"]
[Black "rgadoury"]
[Result "0-1"]
[WhiteElo "1267"]
[BlackElo "1386"]
[TimeControl "2700+45"]

1. e4 e5 2. Nf3 Nc6 3. Bb5 Nf6 4. d3 Be7 5. Nc3 O-O 6. O-O d6 7. h3 a6 8. Bxc6
bxc6 9. d4 exd4 10. Nxd4 Bd7 11. Bg5 c5 12. Nf3 Bc6 13. Nd5 Nxd5 14. exd5 Bxg5
15. dxc6 Bf6 16. c3 Rb8 17. Qd5 Rxb2 18. Rac1 Qa8 19. Nd2 Rb6 20. Nc4 Rb5 21.
Rfe1 a5 22. Re3 h6 23. Rf3 Qb8 24. Qf5 Qe8 25. Rg3 Be5 26. f4 g6 27. Qg4 Bg7 28.
f5 Qxc6 29. fxg6 f6 30. Qe6+ Kh8 31. Ne3 Re8 32. Qg4 Rb2 33. Rf1 Qb5 34. Nf5 Rb1
35. Nxh6 Rxf1+ 36. Kh2 Qb1 37. Nf7+ Kg8 38. Rf3 Rh1+ 39. Kg3 Qe1+ 40. Kf4 Re4+
41. Kf5 Rxg4 42. Kxg4 Qe4+ {White resigns} 0-1

[Event "Team 45 45 League T27"]
[Site "Internet Chess Club"]
[Date "2005.06.26"]
[Round "2"]
[White "gatoruss"]
[Black "chessterbaggins"]
[Result "1-0"]
[WhiteElo "1238"]
[BlackElo "1298"]
[TimeControl "2700+45"]

1. d4 b6 2. c4 e6 3. e4 Bb7 4. Bd3 Bb4+ 5. Nc3 Ne7 6. Ne2 c5 7. d5 Ng6 8. a3
Bxc3+ 9. Nxc3 Ne5 10. b3 O-O 11. Bc2 exd5 12. exd5 d6 13. O-O Bc8 14. Bf4 Qh4
15. Bxe5 dxe5 16. Nb5 Na6 17. Re1 Qg5 18. Qd3 g6 19. Nd6 e4 20. Nxe4 Qh4 21. Nd6
Qf6 22. Ne4 Qf4 23. g3 Qc7 24. Nf6+ Kg7 25. Qc3 Bf5 26. Ne8+ Kg8 27. Qg7# {Black
checkmated} 1-0

[Event "Team 45 45 League T27"]
[Site "Internet Chess Club"]
[Date "2005.06.26"]
[Round "2"]
[White "WzeroMN"]
[Black "MJBerkey88"]
[Result "0-1"]
[WhiteElo "1190"]
[BlackElo "1314"]
[TimeControl "2700+45"]

1. e4 e6 2. d3 d5 3. Nd2 Nc6 4. Ngf3 Bd7 5. g3 Bc5 6. Bg2 Qf6 7. O-O d4 8. a4 e5
9. Nc4 Nge7 10. b3 O-O 11. Ba3 Bd6 12. Bxd6 cxd6 13. Qd2 Bg4 14. Qg5 Qxg5 15.
Nxg5 Rfd8 16. f3 Bh5 17. f4 f6 18. Nh3 Rac8 19. f5 a6 20. Nb6 Rc7 21. Nd5 Nxd5
22. exd5 Nb4 23. Rac1 Rxc2 24. Rxc2 Nxc2 25. Rc1 Ne3 26. Rc7 Nxf5 27. Rxb7 Ne3
28. Ra7 Nxg2 29. Kxg2 Bd1 30. Rxa6 Bxb3 31. a5 Bxd5+ 32. Kf2 Rd7 33. Rb6 Kf7 34.
Rb1 Ra7 35. Ra1 Be6 36. Ng1 Bf5 37. Ke2 d5 38. Nf3 Bg4 39. Kf2 Bxf3 40. Kxf3 g6
41. Ke2 f5 42. Kd2 e4 43. dxe4 dxe4 44. Ke2 Kf6 45. Ra4 Ke5 46. h3 Kd5 47. h4
Kc5 48. Kd2 d3 49. Ra1 Kb5 50. Ra2 Rxa5 51. Rxa5+ Kxa5 {White resigns} 0-1

[Event "Team 45 45 League T27"]
[Site "Internet Chess Club"]
[Date "2005.06.24"]
[Round "2"]
[White "steve"]
[Black "gule"]
[Result "1-0"]
[WhiteElo "1870"]
[BlackElo "1871"]
[TimeControl "2700+45"]

1. e4 c5 2. Nf3 d6 3. d4 cxd4 4. Nxd4 Nf6 5. Nc3 a6 6. Bg5 e6 7. f4 Be7 8. Qf3
Qc7 9. O-O-O Nbd7 10. Bd3 O-O 11. Qg3 Kh8 12. Rhe1 Nc5 13. e5 Nxd3+ 14. Rxd3
dxe5 15. fxe5 Ng8 16. Ne4 Bxg5+ 17. Nxg5 b5 18. Qh4 h6 19. Qe4 hxg5 20. Qxa8 Nh6
21. Red1 Kg8 22. Rc3 Qb7 23. Qxb7 Bxb7 24. Nc6 Ng4 25. Rd4 Nh6 26. Rd7 Bxc6 27.
Rxc6 Ra8 28. Rcc7 a5 29. h3 g4 30. hxg4 Nxg4 31. Rxf7 Nxe5 32. Rxg7+ Kf8 33. Rh7
Ng6 34. Rcf7+ Ke8 35. Rfg7 Nf8 36. Rg8 e5 37. Rxf8+ Kxf8 38. Rh8+ Ke7 39. Rxa8
e4 40. Kd2 {Black resigns} 1-0

[Event "Team 45 45 League T27"]
[Site "Internet Chess Club"]
[Date "2005.06.28"]
[Round "2"]
[White "knightstorm"]
[Black "Mislav"]
[Result "1/2-1/2"]
[WhiteElo "1876"]
[BlackElo "1911"]
[TimeControl "2700+45"]

1. d4 d6 2. c4 e5 3. Nc3 Nd7 4. f4 f5 5. dxe5 dxe5 6. fxe5 Qh4+ 7. g3 Qxc4 8.
Nf3 Bb4 9. Bd2 Qe6 10. Bg2 c6 11. a3 Ba5 12. b4 Bc7 13. O-O Ne7 14. Nd4 Bb6 15.
e3 Qxe5 16. Nce2 Nf6 17. Qb3 Ned5 18. Rae1 O-O 19. Nf4 Kh8 20. Nxd5 Nxd5 21. Nf3
Qf6 22. Kh1 Be6 23. Nd4 Bxd4 24. exd4 Nf4 25. Qe3 Nxg2 26. Kxg2 Rae8 27. Qf4
{Game drawn by mutual agreement} 1/2-1/2

[Event "Team 45 45 League T27"]
[Site "Internet Chess Club"]
[Date "2005.06.25"]
[Round "2"]
[White "ears"]
[Black "ApakohKrieger"]
[Result "0-1"]
[WhiteElo "1716"]
[BlackElo "1769"]
[TimeControl "2700+45"]

1. e4 d5 2. exd5 Nf6 3. Bb5+ Bd7 4. Bc4 b5 5. Bb3 a5 6. a4 bxa4 7. Ba2 Bg4 8. f3
Bc8 9. d4 Nxd5 10. Ne2 Ba6 11. Na3 Nb6 12. O-O e6 13. Re1 c5 14. Bxe6 fxe6 15.
Be3 cxd4 16. Bxd4 Bxa3 17. Rxa3 O-O 18. Re3 Bc4 19. Nc3 Nd5 20. Nxd5 Bxd5 21.
Qe2 Nc6 22. Bc3 Qb6 23. Kh1 Ra7 24. h4 Rf4 25. Qf2 Raf7 26. Qg3 Qd8 27. Qh3
{White resigns} 0-1

[Event "Team 45 45 League T27"]
[Site "Internet Chess Club"]
[Date "2005.06.25"]
[Round "2"]
[White "hansolo1000"]
[Black "clarnibass"]
[Result "0-1"]
[WhiteElo "1583"]
[BlackElo "1692"]
[TimeControl "2700+45"]

1. d4 Nf6 2. c4 e6 3. Nc3 Bb4 4. e3 c5 5. a3 Bxc3+ 6. bxc3 O-O 7. Bd3 Nc6 8. Ne2
b6 9. O-O Ba6 10. e4 Ne8 11. f4 f5 12. Bb2 d6 13. Rf3 Na5 14. exf5 exf5 15. Ng3
g6 16. Qe2 Nc7 17. Re3 Re8 18. Nf1 Qd7 19. Re1 Rxe3 20. Nxe3 Re8 21. h4 d5 22.
Kf2 dxc4 23. Bc2 cxd4 24. Rd1 dxe3+ 25. Qxe3 Qxd1 26. Bxd1 Rxe3 27. Kxe3 Ne6 28.
a4 Bb7 29. g3 h5 30. Ba3 a6 31. Bd6 Kf7 32. Be2 Bc6 33. Bd1 Nb7 34. Ba3 Ke8 35.
Be2 Bd5 36. Bb4 Kd7 37. Ba3 Kc6 38. Be7 Nbc5 {White resigns} 0-1

[Event "Team 45 45 League T27"]
[Site "Internet Chess Club"]
[Date "2005.06.24"]
[Round "2"]
[White "ardsrfc"]
[Black "DTK"]
[Result "1-0"]
[WhiteElo "1747"]
[BlackElo "1934"]
[TimeControl "2700+45"]

1. b3 e5 2. Bb2 Nc6 3. e3 d5 4. Bb5 Bd6 5. f4 Qe7 6. Nf3 f6 7. fxe5 fxe5 8.
Bxc6+ bxc6 9. Nxe5 Qh4+ 10. g3 Qg5 11. Nf3 Qg6 12. O-O Nf6 13. Be5 Bh3 14. Re1
O-O 15. Nc3 Bxe5 16. Nxe5 Qf5 17. Nxc6 Ng4 18. Ne7+ Kh8 19. Nxf5 Rxf5 20. e4 Rf2
21. Re2 Raf8 22. Nxd5 Rxe2 23. Qxe2 Rf2 24. Qxf2 Nxf2 25. Kxf2 {Black resigns}
1-0

[Event "Team 45 45 League T27"]
[Site "Internet Chess Club"]
[Date "2005.06.26"]
[Round "2"]
[White "tourettes"]
[Black "tarheels"]
[Result "1-0"]
[WhiteElo "1813"]
[BlackElo "1729"]
[TimeControl "2700+45"]

1. e4 c5 2. Nc3 Nc6 3. g3 g6 4. Bg2 Bg7 5. Nge2 d6 6. d3 Nf6 7. O-O O-O 8. h3
Rb8 9. Be3 b5 10. Qd2 b4 11. Nd1 d5 12. exd5 Nxd5 13. Bh6 Be6 14. Bxg7 Kxg7 15.
Ne3 Qd7 16. Kh2 Rfd8 17. Nc4 Nb6 18. Qf4 Nxc4 19. dxc4 Nd4 20. Nxd4 Qxd4 21.
Qxd4+ Rxd4 22. b3 Rd2 23. Be4 Kf6 24. Rad1 Rbd8 25. Bd3 Rxd1 26. Rxd1 Bf5 27.
Kg2 Bxd3 28. cxd3 e6 29. Kf3 Ke5 30. Ke3 Rd6 31. f4+ Kf6 32. d4 Ke7 33. Rd3
cxd4+ 34. Rxd4 Rxd4 35. Kxd4 Kd6 36. c5+ Kc6 37. Ke5 Kxc5 38. Kf6 Kd4 39. Kxf7
Ke3 40. Kg7 Kf3 41. Kxh7 Kxg3 42. Kxg6 Kxh3 43. Kf6 Kg4 44. Kxe6 Kxf4 45. Kd5
Ke3 46. Kc4 Kd2 47. Kxb4 Kc2 48. a4 Kb2 49. a5 Ka2 50. Ka4 Kb2 51. b4 {Black
resigns} 1-0